Map: Ruins of Endion

Players

Miszu

  • Race: Terran Terran
  • League: Master

Hani - Winner!

  • Race: Protoss Protoss
  • League: Master

VOD

Have the link to the VOD?

Description

Time

  • Played on: April 20, 2016, 3:03 p.m.
  • Length: 6:09
Show
View Real Time Build Order
Export as new Build Order

Miszu Terran 

Build Orders: Command Center First (CC) 

Get SALT Encoding   

  12  0:00  SCV  
  13  0:13  SCV  
  14  0:18  Supply Depot  
  14  0:25  SCV  
  15  0:39  SCV  
  16  0:51  SCV  
  17  1:03  SCV  
  18  1:06  Command Center  
  18  1:16  SCV  
  19  1:18  Barracks  
  19  1:28  SCV  
  19  1:31  Barracks  
  20  1:40  SCV  
  20  1:45  Barracks  
  21  1:52  SCV  
  22  2:05  Marine, Orbital Command  
  23  2:23  Marine x2, Orbital Command  
  25  2:31  SCV  
  25  2:34  Refinery x2  
  25  2:35  Marine  
  27  2:41  Marine  
  27  2:43  SCV  
  27  2:44  Supply Depot  
  29  2:45  Marine  
  29  2:49  SCV  
  31  2:53  Marine  
  31  2:57  SCV  
  33  2:58  Marine  
  33  3:01  SCV  
  33  3:04  Barracks Tech Lab  
  35  3:09  Supply Depot  
  35  3:10  SCV  
  36  3:13  SCV  
  36  3:16  Marine  
  38  3:22  SCV, Stimpack  
  38  3:23  Marine  
  38  3:24  Marine  
  38  3:25  SCV  
  42  3:30  Supply Depot  
  42  3:34  Marine, SCV  
  43  3:37  SCV  
  43  3:40  Marine  
  46  3:42  Marine  
  46  3:44  Factory  
  46  3:46  SCV  
  48  3:49  SCV  
  48  3:51  Refinery, Marine  
  50  3:58  SCV  
  50  4:01  SCV  
  52  4:02  Marine  
  52  4:03  Marine  
  52  4:09  Marine  
  55  4:10  SCV  
  55  4:12  Supply Depot  
  55  4:14  SCV  
  55  4:15  Engineering Bay  
  57  4:22  SCV  
  59  4:26  SCV  
  59  4:30  Barracks Reactor, Starport, Factory Reactor  
  59  4:32  Barracks Tech Lab  
  59  4:34  SCV  
  59  4:38  Barracks x2, SCV  
  61  4:43  Missile Turret  
  61  4:46  SCV, Missile Turret  
  61  4:50  SCV  
  61  4:52  Marauder  
  63  5:05  Marauder  
  57  5:14  Marine  
  57  5:15  Marine, Marauder  
  61  5:26  Marine x2  
  50  5:36  Marauder  
Show
View Real Time Build Order
Export as new Build Order

Hani Protoss - Winner!

Build Orders: 1 Gate Expand 

Get SALT Encoding   

  12  0:01  Probe (Chrono Boost)  
  13  0:11  Probe (Chrono Boost)  
  14  0:18  Pylon  
  14  0:24  Probe (Chrono Boost)  
  15  0:36  Probe (Chrono Boost)  
  15  0:37  Gateway  
  16  0:47  Assimilator, Probe (Chrono Boost)  
  17  0:57  Probe (Chrono Boost)  
  18  1:08  Probe (Chrono Boost)  
  19  1:23  Nexus  
  19  1:36  Cybernetics Core  
  19  1:37  Probe (Chrono Boost)  
  20  1:45  Assimilator  
  20  1:47  Probe (Chrono Boost)  
  20  1:51  Pylon  
  21  1:58  Probe (Chrono Boost)  
  22  2:08  Probe (Chrono Boost)  
  22  2:12  Adept (Chrono Boost), Warp Gate  
  25  2:20  Probe  
  26  2:32  Probe (Chrono Boost)  
  26  2:35  Probe (Chrono Boost)  
  28  2:42  Robotics Facility  
  28  2:43  Probe (Chrono Boost)  
  29  2:46  Probe (Chrono Boost)  
  29  2:50  Twilight Council  
  30  2:54  Probe (Chrono Boost)  
  30  2:56  Probe (Chrono Boost)  
  30  2:58  Adept  
  34  3:04  Probe (Chrono Boost)  
  35  3:07  Probe (Chrono Boost)  
  36  3:15  Probe (Chrono Boost)  
  36  3:18  Probe (Chrono Boost)  
  38  3:25  Adept, Probe (Chrono Boost)  
  41  3:27  Pylon  
  41  3:28  Probe (Chrono Boost)  
  41  3:29  Warp Prism (Chrono Boost)  
  41  3:31  Resonating Glaives (Chrono Boost)  
  42  3:37  Probe  
  45  3:47  Pylon  
  45  3:50  Gateway  
  45  3:53  Gateway  
  45  4:00  Warp Prism  
  45  4:08  Gateway  
  47  4:10  Gateway  
  47  4:16  Gateway  
  47  4:27  Gateway  
  47  4:34  Observer, Pylon  
  48  4:39  Pylon  
  48  4:42  Mothership Core  
  50  4:55  Adept x2  
  50  4:56  Adept  
  52  5:17  Adept x5  
  52  5:18  Adept  
  64  5:26  Warp Prism  
  58  5:41  Adept x6  
  58  5:42  Adept  
  56  6:02  Adept x6  
Tags
 
Add a new tag
Caveats
  • Supply blocks, unpowered buildings, or Contaminate may cause inaccurate times.
  • Supply counts are checked every 10 seconds.